cohdb
Replays
Latest Replays
All Replays
Popular Replays
Top Player Replays
Match Explorer
How It Works
Community
CoH3 Stats
Reddit
Sign in to upload your games and track your stats! →
Sign in with Steam
Match 27504154
Unlisted
Match 27504154
Overview
Messages
Build Orders
End
Panzergrenadier Squad
Selects Armored Support Battlegroup
Panzergrenadier Squad
250 Light Carrier
Construct Light Support Kompanie
2.5-tonne Medical Truck
Fire Support Elements
Selects Salvage Kits
Flakvierling Half-track
le.IG 18 Mechanized Group
Pak 38 Anti-tank Gun Team
MG34 Team
Construct Panzerarmee Kommand
Selects Panzer Storm
Panzer Storm
Panzer III L Medium Tank
Vehicle Survival Package
Panzer III L Medium Tank
Selects Stuka Anti-tank Loiter
Panzer III L Medium Tank
2.5-tonne Medical Truck
Panzer III L Medium Tank
Selects Veteran Gunners
Tungsten Core Ammunition
Stuka Anti-tank Loiter
Panzer III L Medium Tank
Rapid Advance
Panzer III L Medium Tank
Advanced Field Repairs
Armored Reserves
MMMMMMMMMMMM
Lakina
阿扎里
HappyPunch
Black Dynamite
TomWPL
JMxpz
dhalsrms3994
0
0
Comments
sign in to comment!
No comments posted yet!